 Dungeon Crawl Stone Soup version 0.32-a0-868-g153ae1a8d6 (webtiles) character file.

Game seed: 9659906225639633984

46 zenocrate the Insei (level 3, -1/21 HPs)
             Began as an Octopode Earth Elementalist on Mar 28, 2024.
             Slain by Terence
             ... wielding a +0 mace
              (5 damage)
             ... on level 2 of the Dungeon.
             The game lasted 00:00:52 (1303 turns).

zenocrate the Insei (Octopode Earth Elementalist)   Turns: 1303, Time: 00:00:53

Health: -1/21      AC:  1    Str:  7    XL:     3   Next: 68%
Magic:  5/6        EV: 12    Int: 19    God:
Gold:   40         SH:  0    Dex: 12    Spells: 2/6 levels left

rFire   . .          .
                       - Unarmed
rCold   . . .        (no shield)
rNeg    . . .        (helmet restricted)
rPois   .            (no amulet)
rElec   .            (no ring)
rCorr   .            (no ring)
SInv    .            (no ring)
Will    .....        (no ring)
Stlth   +++          (no ring)
HPRegen 0.23/turn    (no ring)
MPRegen 0.10/turn    (no ring)
                     (no ring)

%: no passive effects
@: no status effects
A: almost no armour, amphibious, 8 rings, camouflage 1, gelatinous body 1,
(nimble swimmer 1), tentacles
a: no special abilities


You were on level 2 of the Dungeon.
You visited 1 branch of the dungeon, and saw 2 of its levels.

You collected 40 gold pieces.

Inventory:

Scrolls
 d - a scroll of teleportation {unknown}
 e - 2 scrolls of noise {unknown}
 f - a scroll of identify {unknown}
Potions
 a - a potion of magic
 b - a potion of brilliance {unknown}
 c - a potion of haste {unknown}


   Skills:
 - Level 2.0 Dodging
 - Level 2.6 Stealth
 + Level 3.2 Unarmed Combat
 - Level 2.0 Spellcasting
 - Level 1.0 Conjurations
 - Level 3.0 Earth Magic


You had 2 spell levels left.
You knew the following spells:

 Your Spells              Type           Power      Damage    Failure   Level
a - Sandblast             Erth           26%        2d8       4%          1
b - Stone Arrow           Conj/Erth      18%        3d8       22%         3

Your spell library contained the following spells:

 Spells                   Type           Power      Damage    Failure   Level
 Mercury Vapours          Alch/Air       2%         N/A       26%         2
 Sublimation of Blood     Necr           1%         N/A       26%         2
 Passwall                 Erth           13%        N/A       14%         3
 Mephitic Cloud           Conj/Alch/Air  3%         N/A       41%         3
 Frozen Ramparts          Ice            2%         1d1       45%         3
 Ozocubu's Armour         Ice            1%         N/A       45%         3
 Brom's Barrelling Bould  Conj/Erth      9%         2d3       58%         4
 Petrify                  Alch/Erth      7%         N/A       65%         4
 Irradiate                Conj/Alch      1%         3d12      98%         5
 Freezing Cloud           Conj/Ice/Air   1%         6-21      99%         5
 Metabolic Englaciation   Hex/Ice        0%         N/A       99%         5


Dungeon Overview and Level Annotations

Branches:
Dungeon (2/15)

Altars:

Annotations:
D:2 Terence


Innate Abilities, Weirdness & Mutations

You cannot wear most types of armour.
You are amphibious.
You can wear up to eight rings at the same time.
Your skin changes colour to match your surroundings (Stealth+).
Your rubbery body absorbs attacks. (AC +1, EV +1)
((You are camouflaged when in or above water. (Stealth+)))
You have tentacles for arms and can constrict up to eight enemies at once.


Message History

Found an escape hatch in the ceiling.
Terence hits you with a +0 mace.
The ribbon worm expels a string of sticky webbing.
The stream of webbing misses you.
You tentacle-slap Terence but do no damage.
You grab Terence. You squeeze Terence.
Terence is lightly wounded.
You constrict Terence. Terence hits you with a +0 mace.
You are too injured to fight recklessly!
You tentacle-slap Terence but do no damage.
You squeeze Terence, but do no damage.
Terence is moderately wounded.
You constrict Terence. Terence barely misses you.
Unknown command.
Casting: Sandblast (safe; 4% risk of failure)
Confirm with . or Enter, or press ? or * to list all spells.
Aiming: Sandblast (safe; 4% risk of failure)
Press: ? - help, Shift-Dir - straight line, f - Terence
Aim: Terence, wielding a +0 mace and wearing a +0 scale mail (heavily wounded, constricted by you, 100% to hit)
The blast of sand hits Terence but does no damage.
Terence is heavily wounded.
You constrict Terence, but do no damage.
Terence hits you with a +0 mace!
* * * LOW HITPOINT WARNING * * *
Unknown command.
You tentacle-slap Terence. You squeeze Terence, but do no damage.
Terence is heavily wounded.
You constrict Terence. Terence barely misses you.
Unknown command.
You tentacle-slap Terence but do no damage.
Terence is severely wounded.
You constrict Terence. Terence closely misses you.
Unknown command.
You tentacle-slap the ribbon worm but do no damage.
You grab the ribbon worm. You squeeze the ribbon worm.
The ribbon worm is moderately wounded.
You constrict Terence. You constrict the ribbon worm.
Terence hits you with a +0 mace.
You die...
Terence says, "Time to find some more victims."

#..#...## #..#.... ..
#.#....... . #.#......# ##.
<........# #.. ..#.J......
#.# #.# #..w@#### #.###.##
#..@##.##
##.#†#....####...##.>
...#...#.........##.#
####.#.##.####..†##.#######
...........................
#....#.....#........#####
##.#.#.###.##...###.....#
..<.............# #.#...#
####.#<.........# #.##..#


You could see Terence, a ribbon worm and an endoplasm (asleep).

Vanquished Creatures
  2 adders (D:2)
  A ribbon worm (D:2)
  3 bats
  3 endoplasms
  A giant cockroach (D:1)
  A goblin (D:2)
  A hobgoblin (D:2)
  A quokka (D:1)
  6 ball pythons
  2 frilled lizards (D:1)
  4 kobolds
  A rat (D:1)
26 creatures vanquished.

Notes
Turn   | Place    | Note
-------+----------+-------------------------------------------
     0 | D:1      | zenocrate the Octopode Earth Elementalist began the quest
                  | for the Orb.
     0 | D:1      | Reached XP level 1. HP: 11/11 MP: 3/3
   107 | D:1      | Reached skill level 1 in Unarmed Combat
   228 | D:1      | Reached XP level 2. HP: 17/17 MP: 5/5
  1035 | D:2      | Reached XP level 3. HP: 16/21 MP: 6/6
  1039 | D:2      | Learned a level 3 spell: Stone Arrow
  1292 | D:2      | Noticed Terence
  1303 | D:2      | Slain by Terence

Illustrated notes

Levels and vault maps discovered:
D:1:      minmay_arrival_split_and_join, layout_basic, nicolae_hexahallways
D:2:      layout_basic, chequers_jeans, uniq_crazy_yiuf_cottage, uniq_robin,
          uniq_terence

Skill      XL: |  1  2  3 |
---------------+----------+-----
Unarmed Combat | 1 2 3 |  3.2
Dodging        | |  2.0
Stealth        | |  2.6
Spellcasting   | |  2.0
Conjurations   | |  1.0
Earth Magic    | |  3.0

Action                     || total
---------------------------++-------
  Melee: Unarmed           ||    51
         Constrict         ||    15
         Tentacles         ||    13
         Punch             ||     2
   Cast: Sandblast         ||     7
   Stab: Sleeping          ||    10
 Armour: Skin              ||    23
  Dodge: Dodged            ||    32

Table legend: (Time is in decaauts)
 A = Elapsed time spent in this place.
 B = Non-inter-level travel time spent in this place.
 C = Inter-level travel time spent in this place.
 D = Time resting spent in this place.
 E = Time spent auto-exploring this place.
 F = Levels seen in this place.
 G = Mean time per level.
                   A        B        C        D        E       F      G
               +--------+--------+--------+--------+--------+-----+--------+
         Total |   1304 |   1225 |     79 |      0 |   1017 |   2 |  652.0 |
       Dungeon |   1304 |   1225 |     79 |      0 |   1017 |   2 |  652.0 |
               +--------+--------+--------+--------+--------+-----+--------+

Top non-repeatable levels by time:
     D:1: 1009 daAuts
     D:2: 295 daAuts
